 Dungeon Crawl Stone Soup version 0.20.1-1-g8b1a95d (webtiles) character file.

207 torrenera the Insei (level 5, 0/37 HPs)
             Began as a Demonspawn Transmuter on Aug 28, 2017.
             Killed from afar by an orc wizard (5 damage)
             ... with a magic dart
             ... on level 3 of the Dungeon.
             The game lasted 00:07:20 (3642 turns).

torrenera the Insei (Demonspawn Transmuter)         Turns: 3642, Time: 00:07:22

Health: 0/37       AC:  3    Str: 11    XL:     5   Next: 54%
Magic:  4/8        EV: 12    Int: 15    God:
Gold:   89         SH:  0    Dex: 15    Spells: 2/8 levels left

rFire    . . .     SeeInvis .     - Unarmed
rCold    . . .     Gourm    .   (no shield)
rNeg     . . .     Faith    .   b - +0 robe
rPois    .         Spirit   .   (no helmet)
rElec    .         Reflect  .   u - +0 cloak
rCorr    .         Harm     .   (no gloves)
MR       .....                  (no boots)
Stlth    ++........             (no amulet)
Regen    0.2/turn               (no ring)
MPRegen  0.2/turn               (no ring)

@: slowed, very slow
A: claws 1, thin skeletal structure 1
a: no special abilities


You were on level 3 of the Dungeon.
You were hungry.

You visited 1 branch of the dungeon, and saw 3 of its levels.

You collected 89 gold pieces.

Inventory:

Missiles
 a - 106 arrows
 k - 4 tomahawks (quivered)
 m - 146 stones
Armour
 b - a +0 robe (worn)
 u - a +0 cloak (worn)
Jewellery
 g - a +2 ring of strength {unknown}
 t - an uncursed amulet of rage {unknown}
Scrolls
 e - 3 scrolls of teleportation {unknown}
 n - 2 scrolls of enchant armour {unknown}
 o - 2 scrolls of identify {unknown}
 p - 2 scrolls of remove curse {unknown}
 q - a scroll of enchant weapon {unknown}
 r - 2 scrolls of fog {unknown}
 v - a scroll of blinking {unknown}
 x - a scroll of recharging {unknown}
Potions
 h - a potion of haste
 i - a potion of resistance {unknown}
 j - a potion of degeneration {unknown}
 s - a potion of cancellation {unknown}
 w - a potion of mutation {unknown}
Books
 c - a book of Changes

   Spells                             Type                      Level
   a - Beastly Appendage              Transmutation                1
   b - Sticks to Snakes               Transmutation                2
   c - Spider Form                    Transmutation/Poison         3
   d - Ice Form                       Ice/Transmutation            4
   e - Blade Hands                    Transmutation                5
Comestibles
 d - a bread ration
 f - 4 meat rations
 l - a fruit
 z - a royal jelly
 A - a chunk of flesh


   Skills:
 - Level 1.0 Fighting
 - Level 1.7 Dodging
 + Level 5.7 Unarmed Combat
 - Level 2.0 Spellcasting
 - Level 1.7 Transmutations


You had 2 spell levels left.
You knew the following spells:

 Your Spells              Type           Power        Failure   Level  Hunger
a - Beastly Appendage     Tmut           #.....       11%         1    #......
b - Sticks to Snakes      Tmut           #.......     16%         2    ###....
c - Spider Form           Tmut/Pois      #.........   43%         3    ###....


Dungeon Overview and Level Annotations

Branches:
Dungeon (3/15)

Altars:
Nemelex Xobeh

Annotations:
D:3 Grinder


Innate Abilities, Weirdness & Mutations

You have sharp fingernails.
You have a somewhat thin skeletal structure. (Dex +2, Stealth)


Message History

Your adder bites the orc wizard.
The orc wizard hits you with a dagger of speed.
Your adder bites the orc wizard but does no damage.
The orc wizard misses you.
You claw the orc wizard!
The orc wizard is severely wounded.
The orc wizard hits you with a dagger of speed.
Your adder closely misses the orc wizard.
The orc wizard hits you but does no damage.
Your adder completely misses the orc wizard.
The orc wizard points at you and mumbles some strange words.
The magic dart hits you!
* * * LOW HITPOINT WARNING * * *
You barely miss the orc wizard.
The orc wizard is severely wounded.
Your adder closely misses the orc wizard.
The orc wizard closely misses you.
The orc wizard points at you and mumbles some strange words.
The magic dart hits you!
You die...

##########...........).#.
#..........##############
#..........#.. ..#......
#..........#.# #.#.#####
#..........#.# #.#.#
#............# #.#.#
#(.........### #.#.#
#...)....oS######.#.# #
#.......@..)......#.# #
#....[....#######...# #
#.....[...# #...# #
#.........# #...# #
###.####### #...# # #.#
###.# # #.# #.##### #.#
###...... ########.#
#........


You could see an orc wizard and a friendly adder.

Vanquished Creatures
  Crazy Yiuf (D:2)
  Natasha (D:1)
  5 adders
  2 oozes
  A dart slug (D:2)
  A leopard gecko (D:1)
  3 orcs
  4 giant cockroaches
  4 goblins
  7 hobgoblins
  3 jackals (D:1)
  13 kobolds
  8 bats
  4 frilled lizards
  7 rats
64 creatures vanquished.

Vanquished Creatures (collateral kills)
  An orc wizard (D:3)
  An adder (D:2)
2 creatures vanquished.

Grand Total: 66 creatures vanquished

Notes
Turn   | Place    | Note
-------+----------+-------------------------------------------
     0 | D:1      | torrenera the Demonspawn Transmuter began the quest for the Orb.
     0 | D:1      | Reached XP level 1. HP: 15/15 MP: 3/3
    43 | D:1      | Reached skill level 3 in Unarmed Combat
    60 | D:1      | Gained mutation: You have sharp fingernails. [demonic ancestry]
    60 | D:1      | Reached XP level 2. HP: 19/21 MP: 5/5
   423 | D:1      | Learned a level 2 spell: Sticks to Snakes
   665 | D:1      | Reached XP level 3. HP: 13/26 MP: 6/6
  1068 | D:1      | Reached skill level 4 in Unarmed Combat
  1128 | D:2      | Noticed Natasha
  1151 | D:1      | HP: 1/26 [Natasha (10)]
  1155 | D:1      | Killed Natasha
  1320 | D:2      | Gained mutation: You have a somewhat thin skeletal structure. (Dex +2, Stealth) [demonic ancestry]
  1320 | D:2      | Reached XP level 4. HP: 32/32 MP: 7/7
  1682 | D:2      | Found a runed door.
  1686 | D:2      | Noticed Crazy Yiuf
  1706 | D:2      | Killed Crazy Yiuf
  1915 | D:2      | Reached skill level 5 in Unarmed Combat
  1934 | D:2      | Found a sparkling altar of Nemelex Xobeh.
  2506 | D:3      | Reached XP level 5. HP: 37/37 MP: 8/8
  2648 | D:3      | Noticed Grinder
  2659 | D:3      | Paralysed by Grinder for 2 turns
  2670 | D:3      | Paralysed by Grinder for 3 turns
  2827 | D:2      | Learned a level 3 spell: Spider Form
  3642 | D:3      | Killed from afar by an orc wizard

Skill      XL: |  1  2  3  4 |
---------------+-------------+-----
Unarmed Combat | 3 4 5 |  5.7
Fighting       | |  1.0
Dodging        | |  1.7
Spellcasting   | |  2.0
Transmutations | |  1.7

Action                   |  1- 3 |  4- 6 || total
-------------------------+-------+-------++-------
Melee: Unarmed           |    87 |   114 ||   201
       Headbutt          |     2 |     1 ||     3
       Punch             |     1 |     4 ||     5
Throw: Tomahawk          |       |     6 ||     6
 Cast: Beastly Appendage |     2 |     3 ||     5
       Sticks to Snakes  |     1 |    12 ||    13
  Use: Potion            |     2 |       ||     2
 Stab: Sleeping          |       |     4 ||     4
  Eat: Chunk             |     1 |     8 ||     9
Armor: Robe              |    21 |    25 ||    46
Dodge: Dodged            |    51 |    47 ||    98
